Senators vs Checkers

Created - Monday, November 09, 2015 at 02:55

Goals
1 2 3 T
Senators 1 0 0 1
Checkers 0 0 2 2
Shots
1 2 3 T
Senators 11 13 4 28
Checkers 4 5 25 34

1st period

1. Senators , Greg Nemisz 5 (Viktor Loov) at 18:04 (PP)

Penalties :
Jason Chimera (CHA) for Fighting (Major) at 0:24, Ryan Craig (BIN) for Fighting (Major) at 0:24, Michael Sdao (CHA) for Interference (Minor) at 2:01, Jason Chimera (CHA) for Holding Stick (Minor) at 16:45, Benjamin Dieude-Fauvel (CHA) for Fighting (Major) at 19:25, Greg Nemisz (BIN) for Fighting (Major) at 19:25, Benjamin Dieude-Fauvel (CHA) for instigated a fight (Minor) at 19:25, Benjamin Dieude-Fauvel (CHA) for instigated a fight (10 Minutes Misconduct) at 19:25

2nd period

No Goal

Penalties :
Julien Brouillette (CHA) for Hooking (Minor) at 2:32, Petteri Lindbohm (CHA) for Roughing (Minor) at 16:02

3rd period

2. Checkers , Peter Harrold 5 (Jim O'Brien) at 4:08 (PP)
3. Checkers , Jason Chimera 5 (Michael Bournival) at 8:03 (PP)

Penalties :
Mike Brown (BIN) for Charging (Minor) at 0:32, Stefan Noesen (BIN) for Interference (Minor) at 4:06, FARM PLAYER1 (BIN) for Tripping (Minor) at 6:15, Michael Latta (CHA) for Fighting (Major) at 10:47, Ryan Craig (BIN) for Fighting (Major) at 10:47, Brandon Mashinter (CHA) for Fighting (Major) at 16:42, Kenny Ryan (BIN) for Fighting (Major) at 16:42, Stefan Noesen (BIN) for Hooking (Minor) at 17:52

Goalie Stats

Jean-Francois Berube (BIN), 32 saves from 34 shots - (0.941), L, 5-5-4, 60:00 minutes
Drew MacIntyre (CHA), 27 saves from 28 shots - (0.964), W, 10-1-4, 60:00 minutes

Players Stats for Senators

Player Name              G  A  P  +/- PIM S  H  SB GA TA FO     MP     PP MP  PK MP  
------------------------------------------------------------------------------------
Colin Greening           0  0  0   0  0   1  2  3  6  5  1/11   22:08   4:13   4:15 
Colton Orr               0  0  0   0  0   1  2  1  0  0  0/1     7:55   4:01   0:00 
Connor Brown             0  0  0   0  0   0  0  0  0  0  0/0     7:53   0:00   1:46 
Darcy Zajac              0  0  0   0  0   0  0  0  1  0  1/1     5:52   0:00   0:00 
Eric Knodel              0  0  0   0  0   1  1  2  0  1  0/0    21:03   4:04   1:59 
Evan Trupp               0  0  0   0  0   4  2  0  1  0  4/7    14:29   0:00   0:00 
FARM PLAYER1             0  0  0   0  2   0  0  0  0  0  0/0    14:55   0:00   0:56 
Greg Nemisz              1  0  1   0  5   5  1  2  6  0  0/1    15:53   2:03   0:00 
Griffin Reinhart         0  0  0   0  0   0  1  0  0  1  0/0    25:21   5:11   3:49 
Jesse Blacker            0  0  0   0  0   2  3  1  0  0  0/0    25:21   5:11   3:49 
Josh Leivo               0  0  0   0  0   4  3  2  3  0  0/0    19:32   4:16   1:25 
Kenny Ryan               0  0  0   0  5   0  2  1  1  0  0/0    14:38   0:16   0:00 
Matt Finn                0  0  0   0  0   0  0  3  0  1  0/0    13:36   0:00   0:00 
Mike Brown               0  0  0   0  2   0  3  0  2  0  0/0    18:19   4:59   2:44 
Philip McRae             0  0  0   0  0   4  0  0  4  0  7/14   18:07   4:16   0:00 
Ryan Craig               0  0  0   0  10  3  1  1  2  2  4/14   13:24   3:41   0:30 
Stefan Noesen            0  0  0   0  4   1  0  0  3  2  1/1    14:35   0:00   0:00 
Viktor Loov              0  1  1   0  0   2  0  1  0  2  0/0    21:03   4:04   1:59 

Players Stats for Checkers

Player Name              G  A  P  +/- PIM S  H  SB GA TA FO     MP     PP MP  PK MP  
------------------------------------------------------------------------------------
Aaron Ness               0  0  0   0  0   1  1  1  1  0  0/0    20:35   3:15   0:00 
Adam Cracknell           0  0  0   0  0   2  0  0  1  1  0/0    13:17   2:38   0:00 
Andrew Gordon            0  0  0   0  0   2  2  0  1  1  2/2    15:02   3:32   0:00 
Benjamin Dieude-Fauvel   0  0  0   0  17  0  0  1  0  0  0/0    12:58   0:00   3:13 
Brandon Mashinter        0  0  0   0  5   2  2  0  1  1  1/2    18:13   2:16   4:43 
Darian Dziurzynski       0  0  0   0  0   0  1  0  2  0  1/1     9:47   0:00   0:00 
Jason Chimera            1  0  1   0  7   5  1  0  4  1  1/1    15:20   2:44   0:07 
Jim O'Brien              0  1  1   0  0   5  1  1  3  2  9/14   19:54   3:32   4:43 
Julien Brouillette       0  0  0   0  2   2  0  0  1  1  0/0    20:11   3:15   0:45 
Michael Bournival        0  1  1   0  0   1  0  0  0  2  6/10   15:06   2:42   0:00 
Michael Latta            0  0  0   0  5   1  1  0  0  0  3/6     9:34   0:00   0:00 
Michael Sdao             0  0  0   0  2   0  3  0  0  0  0/0    17:36   0:00   3:53 
Peter Harrold            1  0  1   0  0   4  3  0  1  2  0/0    25:29   2:33   6:09 
Petteri Lindbohm         0  0  0   0  2   5  2  2  0  1  0/0    24:43   2:33   4:30 
Sean Backman             0  0  0   0  0   1  1  0  0  0  1/1    10:07   0:00   0:00 
Tomas Vincour            0  0  0   0  0   2  2  0  1  2  0/0    11:30   0:00   0:00 
Wacey Hamilton           0  0  0   0  0   0  1  0  0  0  8/13   15:41   0:00   4:32 
Willie Coetzee           0  0  0   0  0   1  1  0  4  2  0/0    15:41   0:00   4:32 

3 Stars

1 - Drew MacIntyre (CHA)
2 - Peter Harrold (CHA)
3 - Jean-Francois Berube (BIN)

Power Play

Senators - 1 on 5 Attempt(s) - 20.00%
Checkers - 2 on 4 Attempt(s) - 50.00%

Penalty Kill

Senators - 2 on 4 Attempt(s) - 50.00% - Score 0 goal in Penalty Kill
Checkers - 4 on 5 Attempt(s) - 80.00% - Score 0 goal in Penalty Kill

Team Stat

Senators - Hits : 21 - Faceoff Wins : 18 - Blocked Shots : 17 - Penalty Minutes : 28
Checkers - Hits : 22 - Faceoff Wins : 32 - Blocked Shots : 5 - Penalty Minutes : 40

Official

Referees : Unknown
Linesman : Unknown

Game Notes

Jason Chimera and Ryan Craig fight to a draw at 0:24 of 1st period
Benjamin Dieude-Fauvel and Greg Nemisz fight to a draw at 19:25 of 1st period
Michael Latta beats up Ryan Craig at 10:47 of 3rd period
Brandon Mashinter beats up Kenny Ryan at 16:42 of 3rd period

Finance

Level 1 -- Attendance: 1488 (74.40%) -- Ticket Income $47,616
Level 2 -- Attendance: 780 (78.00%) -- Ticket Income $9,360
Total Attendance: 2268 (75.60%)
Total Ticket Income: $56,976
Other Income: $27,918
Total Income: $84,894

Senators

5 vs 5 Forward 
   Center                   Left Wing                Right Wing               Time % Phy DF OF 
 1 Ryan Craig               Colin Greening           Mike Brown               35     1   2  2  
 2 Philip McRae             Josh Leivo               Greg Nemisz              30     1   2  2  
 3 Evan Trupp               Stefan Noesen            Kenny Ryan               22     1   2  2  
 4 Darcy Zajac              Colin Greening           Connor Brown             13     1   2  2  

5 vs 5 Defense 
   Defense                  Defense                                           Time % Phy DF OF 
 1 Jesse Blacker            Griffin Reinhart                                  35     1   2  2  
 2 Eric Knodel              Viktor Loov                                       30     1   2  2  
 3 Matt Finn                FARM PLAYER1                                      22     1   2  2  
 4 Jesse Blacker            Griffin Reinhart                                  13     1   2  2  

PowerPlay Forward 
   Center                   Left Wing                Right Wing               Time % Phy DF OF 
 1 Ryan Craig               Colin Greening           Mike Brown               60     1   2  2  
 2 Philip McRae             Josh Leivo               Greg Nemisz              40     1   2  2  

PowerPlay Defense
   Defense                  Defense                                           Time % Phy DF OF 
 1 Jesse Blacker            Griffin Reinhart                                  60     1   2  2  
 2 Eric Knodel              Viktor Loov                                       40     1   2  2  

Penalty Kill 4 Players Forward 
   Center                   Wing                     Time % Phy DF OF 
 1 Colin Greening           Mike Brown               60     1   2  2  
 2 Ryan Craig               Josh Leivo               40     1   2  2  

Penalty Kill 4 Players Defense
   Defense                  Defense                  Time % Phy DF OF 
 1 Jesse Blacker            Griffin Reinhart         60     1   2  2  
 2 Eric Knodel              Viktor Loov              40     1   2  2  

Penalty Kill - 3 Players Forward 
   Forward                                           Time % Phy DF OF 
 1 Colin Greening                                    60     1   2  2  
 2 Mike Brown                                        40     1   2  2  

Penalty Kill - 3 Players Defense
   Defense                  Defense                  Time % Phy DF OF 
 1 Jesse Blacker            Griffin Reinhart         60     1   2  2  
 2 Eric Knodel              Viktor Loov              40     1   2  2  

4 vs 4 Forward 
   Center                   Wing                     Time % Phy DF OF 
 1 Colin Greening           Mike Brown               60     1   2  2  
 2 Ryan Craig               Josh Leivo               40     1   2  2  

4 vs 4 Defense
   Defense                  Defense                  Time % Phy DF OF 
 1 Jesse Blacker            Griffin Reinhart         60     1   2  2  
 2 Eric Knodel              Viktor Loov              40     1   2  2  

Last Minutes Offensive
   Center                   Left Wing                Right Wing               Defense                  Defense                  
   Ryan Craig               Colin Greening           Mike Brown               Jesse Blacker            Griffin Reinhart         

Last Minutes Defensive
   Center                   Left Wing                Right Wing               Defense                  Defense                  
   Ryan Craig               Colin Greening           Mike Brown               Jesse Blacker            Griffin Reinhart         

Goaltenders
Starting : Jean-Francois Berube     
Backup : Cedrick Desjardins       

Extra Forwards
Normal : Colton Orr, Kenny Ryan, Connor Brown - PP : Colton Orr, Kenny Ryan - PK : Connor Brown
Extra Defensemen
Normal : Matt Finn, FARM PLAYER1, Eric Knodel - PP : Matt Finn - PK : FARM PLAYER1, Eric Knodel
Penalty Shots
Colin Greening, Mike Brown, Ryan Craig, Josh Leivo, Greg Nemisz

Checkers

5 vs 5 Forward 
   Center                   Left Wing                Right Wing               Time % Phy DF OF 
 1 Michael Bournival        Jason Chimera            Adam Cracknell           28     1   2  2  
 2 Michael Latta            Tomas Vincour            Andrew Gordon            27     1   2  2  
 3 Jim O'Brien              Brandon Mashinter        Sean Backman             25     1   2  2  
 4 Wacey Hamilton           Darian Dziurzynski       Willie Coetzee           20     1   2  2  

5 vs 5 Defense 
   Defense                  Defense                                           Time % Phy DF OF 
 1 Peter Harrold            Petteri Lindbohm                                  35     1   2  2  
 2 Aaron Ness               Julien Brouillette                                35     1   2  2  
 3 Michael Sdao             Benjamin Dieude-Fauvel                            30     1   2  2  
 4 Petteri Lindbohm         Peter Harrold                                     0      1   2  2  

PowerPlay Forward 
   Center                   Left Wing                Right Wing               Time % Phy DF OF 
 1 Michael Bournival        Jason Chimera            Adam Cracknell           50     0   1  4  
 2 Jim O'Brien              Brandon Mashinter        Andrew Gordon            50     0   1  4  

PowerPlay Defense
   Defense                  Defense                                           Time % Phy DF OF 
 1 Peter Harrold            Petteri Lindbohm                                  50     0   1  4  
 2 Aaron Ness               Julien Brouillette                                50     0   1  4  

Penalty Kill 4 Players Forward 
   Center                   Wing                     Time % Phy DF OF 
 1 Wacey Hamilton           Willie Coetzee           50     0   4  1  
 2 Jim O'Brien              Brandon Mashinter        50     0   4  1  

Penalty Kill 4 Players Defense
   Defense                  Defense                  Time % Phy DF OF 
 1 Benjamin Dieude-Fauvel   Michael Sdao             50     0   4  1  
 2 Peter Harrold            Petteri Lindbohm         50     0   4  1  

Penalty Kill - 3 Players Forward 
   Forward                                           Time % Phy DF OF 
 1 Wacey Hamilton                                    50     0   5  0  
 2 Jim O'Brien                                       50     0   5  0  

Penalty Kill - 3 Players Defense
   Defense                  Defense                  Time % Phy DF OF 
 1 Benjamin Dieude-Fauvel   Michael Sdao             50     0   5  0  
 2 Peter Harrold            Petteri Lindbohm         50     0   5  0  

4 vs 4 Forward 
   Center                   Wing                     Time % Phy DF OF 
 1 Jason Chimera            Michael Bournival        50     1   2  2  
 2 Michael Latta            Adam Cracknell           50     1   2  2  

4 vs 4 Defense
   Defense                  Defense                  Time % Phy DF OF 
 1 Peter Harrold            Petteri Lindbohm         50     1   2  2  
 2 Aaron Ness               Julien Brouillette       50     1   2  2  

Last Minutes Offensive
   Center                   Left Wing                Right Wing               Defense                  Defense                  
   Michael Latta            Jason Chimera            Michael Bournival        Peter Harrold            Petteri Lindbohm         

Last Minutes Defensive
   Center                   Left Wing                Right Wing               Defense                  Defense                  
   Michael Bournival        Jason Chimera            Adam Cracknell           Peter Harrold            Petteri Lindbohm         

Goaltenders
Starting : Drew MacIntyre           
Backup : John Muse                

Extra Forwards
Normal : Michael Bournival, Jason Chimera, Michael Latta - PP : Michael Bournival, Jason Chimera - PK : Jason Chimera
Extra Defensemen
Normal : Peter Harrold, Petteri Lindbohm, Aaron Ness - PP : Peter Harrold - PK : Peter Harrold, Petteri Lindbohm
Penalty Shots
Jason Chimera, Michael Bournival, Adam Cracknell, Andrew Gordon, Jim O'Brien

% Time on Ice - Senators

Lines # - Real PCT - Wanted PCT - Time Play
Normal Forward
1 - 24% - 35% - 10:45
2 - 31% - 30% - 13:51
3 - 32% - 22% - 14:29
4 - 13% - 13% - 5:52
Normal Defense
1 - 32% - 35% - 14:17
2 - 33% - 30% - 15:00
3 - 30% - 22% - 13:36
4 - 5% - 13% - 2:04
PP Forward
1 - 54% - 60% - 4:59
2 - 46% - 40% - 4:16
PP Defense
1 - 56% - 60% - 5:11
2 - 44% - 40% - 4:04
PK Forward
1 - 91% - 60% - 5:18
2 - 9% - 40% - 0:30
PK Defense
1 - 66% - 60% - 3:49
2 - 34% - 40% - 1:59
PK3 Forward
1 - 0% - 60%
2 - 0% - 40%
PK3 Defense
1 - 0% - 60%
2 - 0% - 40%
44 Forward
1 - 0% - 60%
2 - 0% - 40%
44 Defense
1 - 0% - 60%
2 - 0% - 40%
Last Minute Offensive  - 0:00
Last Minute Defensive  - 0:00
Total
Forward - 60:00
Defense - 60:00

% Time on Ice - Checkers

Lines # - Real PCT - Wanted PCT - Time Play
Normal Forward
1 - 27% - 28% - 12:01
2 - 29% - 27% - 13:02
3 - 23% - 25% - 10:07
4 - 22% - 20% - 9:47
Normal Defense
1 - 31% - 35% - 13:58
2 - 34% - 35% - 15:04
3 - 35% - 30% - 15:34
4 - 1% - 0% - 0:21
PP Forward
1 - 39% - 50% - 2:16
2 - 61% - 50% - 3:32
PP Defense
1 - 44% - 50% - 2:33
2 - 56% - 50% - 3:15
PK Forward
1 - 49% - 50% - 4:32
2 - 51% - 50% - 4:43
PK Defense
1 - 54% - 50% - 5:01
2 - 46% - 50% - 4:14
PK3 Forward
1 - 0% - 50%
2 - 0% - 50%
PK3 Defense
1 - 0% - 50%
2 - 0% - 50%
44 Forward
1 - 0% - 50%
2 - 0% - 50%
44 Defense
1 - 0% - 50%
2 - 0% - 50%
Last Minute Offensive  - 0:00
Last Minute Defensive  - 0:00
Total
Forward - 60:00
Defense - 60:00

Play by Play

1st period


0:01 of 1st period - Michael Bournival wins face-off versus Ryan Craig in neutral zone.
0:22 of 1st period - Peter Harrold is hit by Colin Greening and loses puck.
0:24 of 1st period - Jason Chimera and Ryan Craig fight to a draw.
0:24 of 1st period - Penalty to Jason Chimera for Fighting.
0:24 of 1st period - Penalty to Ryan Craig for Fighting.
0:25 of 1st period - Michael Latta wins face-off versus Philip McRae in Checkers zone.
1:09 of 1st period - Icing by Aaron Ness.
1:10 of 1st period - Andrew Gordon wins face-off versus Evan Trupp in Checkers zone.
1:10 of 1st period - Andrew Gordon is hit by Evan Trupp.
1:33 of 1st period - Matt Finn is hit by Sean Backman and loses puck.
1:46 of 1st period - Wrist shot by Sean Backman.
1:46 of 1st period - Deflect By Brandon Mashinter.
1:46 of 1st period - Stopped by Jean-Francois Berube with a rebound.
1:48 of 1st period - Slapshot by Benjamin Dieude-Fauvel.
1:48 of 1st period - Shot Misses the Net.
1:50 of 1st period - Wrist shot by Brandon Mashinter.
1:50 of 1st period - Shot Misses the Net.
1:52 of 1st period - Slapshot by Benjamin Dieude-Fauvel.
1:52 of 1st period - Shot Blocked by Kenny Ryan.
1:54 of 1st period - Wrist shot by Jim O'Brien.
1:54 of 1st period - Stopped by Jean-Francois Berube without a rebound.
1:55 of 1st period - Darian Dziurzynski wins face-off versus Colton Orr in Senators zone.
2:01 of 1st period - Minor Penalty to Michael Sdao for Interference.
2:02 of 1st period - Colin Greening wins face-off versus Wacey Hamilton in Checkers zone.
2:38 of 1st period - Slapshot by Jesse Blacker.
2:38 of 1st period - Stopped by Drew MacIntyre without a rebound.
2:39 of 1st period - Wacey Hamilton wins face-off versus Philip McRae in Checkers zone.
3:35 of 1st period - Slapshot by Petteri Lindbohm.
3:35 of 1st period - Stopped by Jean-Francois Berube with a rebound.
4:01 of 1st period - Penalty to Michael Sdao is over, Michael Sdao is back on ice.
4:24 of 1st period - Snap shot by Evan Trupp.
4:24 of 1st period - Stopped by Drew MacIntyre with a rebound.
4:46 of 1st period - Benjamin Dieude-Fauvel is hit by Josh Leivo and loses puck.
5:15 of 1st period - Wrist shot by Colin Greening.
5:15 of 1st period - Deflect By Brandon Mashinter.
5:15 of 1st period - Stopped by Drew MacIntyre with a rebound.
6:23 of 1st period - Viktor Loov is hit by Wacey Hamilton.
6:35 of 1st period - Snap shot by Colin Greening.
6:35 of 1st period - Shot Blocked by Aaron Ness.
7:17 of 1st period - Tomas Vincour is hit by Colton Orr and loses puck.
7:32 of 1st period - Kenny Ryan is hit by Andrew Gordon and loses puck.
8:17 of 1st period - Snap shot by Peter Harrold.
8:17 of 1st period - Deflect By Wacey Hamilton.
8:17 of 1st period - Shot Blocked by Viktor Loov.
8:17 of 1st period - Puck is out of play.
8:18 of 1st period - Wacey Hamilton wins face-off versus Ryan Craig in Senators zone.
8:39 of 1st period - Jesse Blacker is hit by Tomas Vincour and loses puck.
8:44 of 1st period - Wrist shot by Michael Latta.
8:44 of 1st period - Shot Misses the Net.
8:46 of 1st period - Slapshot by Peter Harrold.
8:46 of 1st period - Shot Misses the Net.
9:20 of 1st period - Slapshot by Josh Leivo.
9:20 of 1st period - Deflect By Adam Cracknell.
9:20 of 1st period - Shot Misses the Net.
9:20 of 1st period - Puck is out of play.
9:21 of 1st period - Wacey Hamilton wins face-off versus Greg Nemisz in Checkers zone.
9:26 of 1st period - Greg Nemisz is hit by Michael Sdao and loses puck.
9:58 of 1st period - Peter Harrold is hit by Colin Greening and loses puck.
10:35 of 1st period - Snap shot by Greg Nemisz.
10:35 of 1st period - Shot Misses the Net.
10:37 of 1st period - Slapshot by Philip McRae.
10:37 of 1st period - Shot Misses the Net.
10:39 of 1st period - Wrist shot by Greg Nemisz.
10:39 of 1st period - Stopped by Drew MacIntyre with a rebound.
10:41 of 1st period - Snap shot by Josh Leivo.
10:41 of 1st period - Stopped by Drew MacIntyre without a rebound.
10:42 of 1st period - Michael Bournival wins face-off versus Philip McRae in Checkers zone.
12:03 of 1st period - Slapshot by Petteri Lindbohm.
12:03 of 1st period - Shot Blocked by Colin Greening.
12:15 of 1st period - Peter Harrold is hit by Evan Trupp and loses puck.
12:22 of 1st period - Kenny Ryan is hit by Darian Dziurzynski and loses puck.
13:15 of 1st period - Jesse Blacker is hit by Jim O'Brien and loses puck.
13:58 of 1st period - Wrist shot by Willie Coetzee.
13:58 of 1st period - Stopped by Jean-Francois Berube without a rebound.
13:59 of 1st period - Wacey Hamilton wins face-off versus Ryan Craig in Senators zone.
14:04 of 1st period - Snap shot by Wacey Hamilton.
14:04 of 1st period - Shot Blocked by Matt Finn.
14:06 of 1st period - Wrist shot by Willie Coetzee.
14:06 of 1st period - Shot Misses the Net.
14:08 of 1st period - Snap shot by Michael Sdao.
14:08 of 1st period - Shot Blocked by Colton Orr.
14:10 of 1st period - Snap shot by Willie Coetzee.
14:10 of 1st period - Shot Blocked by Matt Finn.
14:36 of 1st period - Eric Knodel is hit by Tomas Vincour and loses puck.
15:03 of 1st period - Philip McRae is hit by Petteri Lindbohm and loses puck.
15:34 of 1st period - Snap shot by Sean Backman.
15:34 of 1st period - Shot Misses the Net.
16:22 of 1st period - Slapshot by Evan Trupp.
16:22 of 1st period - Shot Misses the Net.
16:24 of 1st period - Slapshot by Griffin Reinhart.
16:24 of 1st period - Shot Misses the Net.
16:26 of 1st period - Slapshot by Jesse Blacker.
16:26 of 1st period - Shot Misses the Net.
16:45 of 1st period - Minor Penalty to Jason Chimera for Holding Stick.
16:46 of 1st period - Brandon Mashinter wins face-off versus Colin Greening in Checkers zone.
17:14 of 1st period - Jim O'Brien is hit by Eric Knodel and loses puck.
17:23 of 1st period - Snap shot by Greg Nemisz.
17:23 of 1st period - Stopped by Drew MacIntyre with a rebound.
17:43 of 1st period - Wacey Hamilton is hit by Jesse Blacker and loses puck.
18:02 of 1st period - Wrist shot by Greg Nemisz.
18:02 of 1st period - Shot Misses the Net.
18:04 of 1st period - Snap shot by Greg Nemisz.
18:04 of 1st period - Goal by Greg Nemisz - Senators : 1 - Checkers : 0.
18:05 of 1st period - Stefan Noesen wins face-off versus Michael Bournival in neutral zone.
18:10 of 1st period - Snap shot by Evan Trupp.
18:10 of 1st period - Stopped by Drew MacIntyre with a rebound.
18:37 of 1st period - Wrist shot by Adam Cracknell.
18:37 of 1st period - Shot Misses the Net.
18:51 of 1st period - Wrist shot by Willie Coetzee.
18:51 of 1st period - Deflect By Wacey Hamilton.
18:51 of 1st period - Shot Blocked by Matt Finn.
18:51 of 1st period - Puck is out of play.
18:52 of 1st period - Ryan Craig wins face-off versus Wacey Hamilton in Senators zone.
19:00 of 1st period - Snap shot by Colin Greening.
19:00 of 1st period - Deflect By Ryan Craig.
19:00 of 1st period - Stopped by Drew MacIntyre with a rebound.
19:12 of 1st period - Snap shot by Ryan Craig.
19:12 of 1st period - Stopped by Drew MacIntyre with a rebound.
19:25 of 1st period - Benjamin Dieude-Fauvel and Greg Nemisz fight to a draw.
19:25 of 1st period - Penalty to Benjamin Dieude-Fauvel for Fighting.
19:25 of 1st period - Penalty to Greg Nemisz for Fighting.
19:25 of 1st period - Penalty to Benjamin Dieude-Fauvel for instigated a fight.
19:25 of 1st period - Penalty to Benjamin Dieude-Fauvel for instigated a fight.
19:26 of 1st period - Philip McRae wins face-off versus Wacey Hamilton in Checkers zone.
19:39 of 1st period - Snap shot by Josh Leivo.
19:39 of 1st period - Stopped by Drew MacIntyre without a rebound.
19:40 of 1st period - Philip McRae wins face-off versus Wacey Hamilton in Checkers zone.
Goals for this period are 1 for Senators vs 0 for Checkers.
Shots for this period are 11 for Senators vs 4 for Checkers.

2nd period


0:01 of 2nd period - Ryan Craig wins face-off versus Jim O'Brien in neutral zone.
0:19 of 2nd period - Wrist shot by Ryan Craig.
0:19 of 2nd period - Shot Blocked by Jim O'Brien.
0:21 of 2nd period - Slapshot by Jesse Blacker.
0:21 of 2nd period - Shot Misses the Net.
0:23 of 2nd period - Slapshot by Colin Greening.
0:23 of 2nd period - Shot Misses the Net.
1:04 of 2nd period - Wacey Hamilton is hit by Josh Leivo and loses puck.
1:11 of 2nd period - Wrist shot by Philip McRae.
1:11 of 2nd period - Shot Misses the Net.
1:13 of 2nd period - Slapshot by Eric Knodel.
1:13 of 2nd period - Stopped by Drew MacIntyre with a rebound.
1:25 of 2nd period - Penalty to Benjamin Dieude-Fauvel is over, Jason Chimera is send on ice.
1:36 of 2nd period - Jason Chimera is hit by Mike Brown and loses puck.
2:19 of 2nd period - Snap shot by Tomas Vincour.
2:19 of 2nd period - Shot Misses the Net.
2:32 of 2nd period - Minor Penalty to Julien Brouillette for Hooking.
2:33 of 2nd period - Philip McRae wins face-off versus Jim O'Brien in Checkers zone.
3:02 of 2nd period - Snap shot by Josh Leivo.
3:02 of 2nd period - Stopped by Drew MacIntyre without a rebound.
3:03 of 2nd period - Wacey Hamilton wins face-off versus Ryan Craig in Checkers zone.
3:35 of 2nd period - Viktor Loov is hit by Michael Sdao and loses puck.
3:50 of 2nd period - Wrist shot by Philip McRae.
3:50 of 2nd period - Stopped by Drew MacIntyre without a rebound.
3:51 of 2nd period - Philip McRae wins face-off versus Jim O'Brien in Checkers zone.
3:56 of 2nd period - Snap shot by Josh Leivo.
3:56 of 2nd period - Deflect By Philip McRae.
3:56 of 2nd period - Shot Misses the Net.
3:56 of 2nd period - Puck is out of play.
3:57 of 2nd period - Philip McRae wins face-off versus Brandon Mashinter in Checkers zone.
4:00 of 2nd period - Snap shot by Josh Leivo.
4:00 of 2nd period - Stopped by Drew MacIntyre with a rebound.
4:02 of 2nd period - Wrist shot by Philip McRae.
4:02 of 2nd period - Stopped by Drew MacIntyre with a rebound.
4:04 of 2nd period - Wrist shot by Philip McRae.
4:04 of 2nd period - Stopped by Drew MacIntyre with a rebound.
4:06 of 2nd period - Snap shot by Philip McRae.
4:06 of 2nd period - Stopped by Drew MacIntyre with a rebound.
4:08 of 2nd period - Slapshot by Jesse Blacker.
4:08 of 2nd period - Stopped by Drew MacIntyre with a rebound.
4:10 of 2nd period - Wrist shot by Colton Orr.
4:10 of 2nd period - Stopped by Drew MacIntyre without a rebound.
4:11 of 2nd period - Ryan Craig wins face-off versus Jim O'Brien in Checkers zone.
4:24 of 2nd period - Wacey Hamilton is hit by Mike Brown.
4:25 of 2nd period - Penalty to Benjamin Dieude-Fauvel is over, Jason Chimera is send on ice.
4:56 of 2nd period - Peter Harrold is hit by Josh Leivo and loses puck.
5:05 of 2nd period - Snap shot by Josh Leivo.
5:05 of 2nd period - Shot Blocked by Petteri Lindbohm.
5:07 of 2nd period - Slapshot by Viktor Loov.
5:07 of 2nd period - Stopped by Drew MacIntyre with a rebound.
5:19 of 2nd period - Philip McRae is hit by Peter Harrold and loses puck.
5:45 of 2nd period - Wrist shot by Jim O'Brien.
5:45 of 2nd period - Stopped by Jean-Francois Berube with a rebound.
5:51 of 2nd period - Snap shot by Evan Trupp.
5:51 of 2nd period - Deflect By Stefan Noesen.
5:51 of 2nd period - Shot Misses the Net.
5:51 of 2nd period - Puck is out of play.
5:52 of 2nd period - Evan Trupp wins face-off versus Jim O'Brien in Checkers zone.
6:17 of 2nd period - Wrist shot by Sean Backman.
6:17 of 2nd period - Deflect By Jim O'Brien.
6:17 of 2nd period - Shot Misses the Net.
6:17 of 2nd period - Puck is out of play.
6:18 of 2nd period - Ryan Craig wins face-off versus Michael Latta in Senators zone.
6:28 of 2nd period - Colin Greening is hit by Michael Latta and loses puck.
6:45 of 2nd period - Wrist shot by Michael Latta.
6:45 of 2nd period - Shot Blocked by Colin Greening.
6:47 of 2nd period - Wrist shot by Michael Latta.
6:47 of 2nd period - Stopped by Jean-Francois Berube with a rebound.
6:49 of 2nd period - Slapshot by Michael Sdao.
6:49 of 2nd period - Deflect By Tomas Vincour.
6:49 of 2nd period - Stopped by Jean-Francois Berube without a rebound.
6:50 of 2nd period - Michael Bournival wins face-off versus Philip McRae in Senators zone.
6:59 of 2nd period - Slapshot by Adam Cracknell.
6:59 of 2nd period - Stopped by Jean-Francois Berube with a rebound.
7:22 of 2nd period - Snap shot by Greg Nemisz.
7:22 of 2nd period - Stopped by Drew MacIntyre with a rebound.
7:55 of 2nd period - Snap shot by Brandon Mashinter.
7:55 of 2nd period - Shot Blocked by Eric Knodel.
8:10 of 2nd period - Snap shot by Jim O'Brien.
8:10 of 2nd period - Shot Misses the Net.
8:26 of 2nd period - Jesse Blacker is hit by Michael Sdao and loses puck.
9:19 of 2nd period - Wacey Hamilton is hit by Jesse Blacker and loses puck.
10:38 of 2nd period - Wrist shot by Jim O'Brien.
10:38 of 2nd period - Shot Misses the Net.
11:09 of 2nd period - Slapshot by Ryan Craig.
11:09 of 2nd period - Stopped by Drew MacIntyre without a rebound.
11:10 of 2nd period - Michael Latta wins face-off versus Ryan Craig in Checkers zone.
11:10 of 2nd period - Michael Latta is hit by Ryan Craig.
12:12 of 2nd period - Eric Knodel is hit by Petteri Lindbohm and loses puck.
12:51 of 2nd period - Matt Finn is hit by Willie Coetzee and loses puck.
13:23 of 2nd period - Snap shot by Jim O'Brien.
13:23 of 2nd period - Shot Misses the Net.
13:40 of 2nd period - Snap shot by Petteri Lindbohm.
13:40 of 2nd period - Stopped by Jean-Francois Berube with a rebound.
13:46 of 2nd period - Sean Backman is hit by Griffin Reinhart and loses puck.
14:16 of 2nd period - Adam Cracknell is hit by Colton Orr and loses puck.
14:25 of 2nd period - 10 Minutes Misconduct Penalty to Benjamin Dieude-Fauvel is over.
14:32 of 2nd period - Snap shot by Adam Cracknell.
14:32 of 2nd period - Shot Hit the Post.
16:02 of 2nd period - Minor Penalty to Petteri Lindbohm for Roughing.
16:03 of 2nd period - Wacey Hamilton wins face-off versus Ryan Craig in Checkers zone.
16:45 of 2nd period - Wrist shot by Greg Nemisz.
16:45 of 2nd period - Shot Misses the Net.
18:02 of 2nd period - Penalty to Petteri Lindbohm is over, Petteri Lindbohm is back on ice.
18:11 of 2nd period - Off-side.
18:12 of 2nd period - Michael Latta wins face-off versus Evan Trupp in neutral zone.
18:28 of 2nd period - Icing by Aaron Ness.
18:29 of 2nd period - Evan Trupp wins face-off versus Michael Latta in Checkers zone.
18:47 of 2nd period - Wrist shot by Evan Trupp.
18:47 of 2nd period - Stopped by Drew MacIntyre with a rebound.
18:53 of 2nd period - Stefan Noesen is hit by Andrew Gordon and loses puck.
19:38 of 2nd period - Slapshot by Jason Chimera.
19:38 of 2nd period - Shot Misses the Net.
Goals for this period are 0 for Senators vs 0 for Checkers.
Shots for this period are 13 for Senators vs 5 for Checkers.

3rd period


0:01 of 3rd period - Jim O'Brien wins face-off versus Ryan Craig in neutral zone.
0:04 of 3rd period - Ryan Craig is hit by Peter Harrold and loses puck.
0:11 of 3rd period - Slapshot by Jim O'Brien.
0:11 of 3rd period - Shot Misses the Net.
0:13 of 3rd period - Snap shot by Petteri Lindbohm.
0:13 of 3rd period - Stopped by Jean-Francois Berube with a rebound.
0:15 of 3rd period - Snap shot by Jim O'Brien.
0:15 of 3rd period - Deflect By Brandon Mashinter.
0:15 of 3rd period - Shot Misses the Net.
0:15 of 3rd period - Puck is out of play.
0:16 of 3rd period - Sean Backman wins face-off versus Ryan Craig in Senators zone.
0:23 of 3rd period - Wrist shot by Sean Backman.
0:23 of 3rd period - Shot Misses the Net.
0:25 of 3rd period - Slapshot by Petteri Lindbohm.
0:25 of 3rd period - Shot Blocked by Ryan Craig.
0:32 of 3rd period - Minor Penalty to Mike Brown for Charging.
0:33 of 3rd period - Michael Bournival wins face-off versus Colin Greening in Senators zone.
0:55 of 3rd period - Snap shot by Jason Chimera.
0:55 of 3rd period - Deflect By Connor Brown.
0:55 of 3rd period - Stopped by Jean-Francois Berube with a rebound.
1:25 of 3rd period - Griffin Reinhart is hit by Brandon Mashinter and loses puck.
1:38 of 3rd period - Snap shot by Brandon Mashinter.
1:38 of 3rd period - Shot Misses the Net.
1:40 of 3rd period - Slapshot by Aaron Ness.
1:40 of 3rd period - Stopped by Jean-Francois Berube without a rebound.
1:41 of 3rd period - Jim O'Brien wins face-off versus Colin Greening in Senators zone.
1:42 of 3rd period - Snap shot by Andrew Gordon.
1:42 of 3rd period - Shot Blocked by Colin Greening.
1:44 of 3rd period - Slapshot by Julien Brouillette.
1:44 of 3rd period - Stopped by Jean-Francois Berube with a rebound.
1:46 of 3rd period - Wrist shot by Jim O'Brien.
1:46 of 3rd period - Shot Misses the Net.
1:48 of 3rd period - Slapshot by Julien Brouillette.
1:48 of 3rd period - Stopped by Jean-Francois Berube without a rebound.
1:49 of 3rd period - Jim O'Brien wins face-off versus Colin Greening in Senators zone.
2:32 of 3rd period - Penalty to Mike Brown is over, Mike Brown is back on ice.
2:38 of 3rd period - Slapshot by Michael Bournival.
2:38 of 3rd period - Stopped by Jean-Francois Berube without a rebound.
2:39 of 3rd period - Wacey Hamilton wins face-off versus Philip McRae in Senators zone.
2:47 of 3rd period - Snap shot by Peter Harrold.
2:47 of 3rd period - Shot Blocked by Greg Nemisz.
2:49 of 3rd period - Slapshot by Peter Harrold.
2:49 of 3rd period - Stopped by Jean-Francois Berube with a rebound.
2:55 of 3rd period - Slapshot by Peter Harrold.
2:55 of 3rd period - Shot Blocked by Josh Leivo.
3:05 of 3rd period - Slapshot by Willie Coetzee.
3:05 of 3rd period - Shot Misses the Net.
3:11 of 3rd period - Slapshot by Petteri Lindbohm.
3:11 of 3rd period - Stopped by Jean-Francois Berube with a rebound.
3:13 of 3rd period - Wrist shot by Willie Coetzee.
3:13 of 3rd period - Shot Misses the Net.
3:15 of 3rd period - Slapshot by Peter Harrold.
3:15 of 3rd period - Shot Blocked by Greg Nemisz.
3:22 of 3rd period - Icing by Josh Leivo.
3:23 of 3rd period - Philip McRae wins face-off versus Michael Bournival in Senators zone.
3:55 of 3rd period - Snap shot by Stefan Noesen.
3:55 of 3rd period - Shot Blocked by Benjamin Dieude-Fauvel.
4:06 of 3rd period - Minor Penalty to Stefan Noesen for Interference.
4:07 of 3rd period - Jim O'Brien wins face-off versus Colin Greening in Senators zone.
4:08 of 3rd period - Slapshot by Peter Harrold.
4:08 of 3rd period - Goal by Peter Harrold - Senators : 1 - Checkers : 1.
4:09 of 3rd period - Jim O'Brien wins face-off versus Colin Greening in neutral zone.
4:18 of 3rd period - Slapshot by Petteri Lindbohm.
4:18 of 3rd period - Deflect By Jim O'Brien.
4:18 of 3rd period - Shot Misses the Net.
4:18 of 3rd period - Puck is out of play.
4:19 of 3rd period - Jim O'Brien wins face-off versus Ryan Craig in Senators zone.
4:20 of 3rd period - Snap shot by Brandon Mashinter.
4:20 of 3rd period - Stopped by Jean-Francois Berube without a rebound.
4:21 of 3rd period - Jim O'Brien wins face-off versus Ryan Craig in Senators zone.
4:46 of 3rd period - Colin Greening is hit by Brandon Mashinter and loses puck.
5:15 of 3rd period - Josh Leivo is hit by Jason Chimera and loses puck.
5:22 of 3rd period - Wrist shot by Viktor Loov.
5:22 of 3rd period - Stopped by Drew MacIntyre with a rebound.
5:24 of 3rd period - Slapshot by Matt Finn.
5:24 of 3rd period - Deflect By Greg Nemisz.
5:24 of 3rd period - Stopped by Drew MacIntyre with a rebound.
5:26 of 3rd period - Slapshot by FARM PLAYER1.
5:26 of 3rd period - Shot Blocked by Petteri Lindbohm.
5:34 of 3rd period - Philip McRae is hit by Peter Harrold and loses puck.
6:02 of 3rd period - Wrist shot by Stefan Noesen.
6:02 of 3rd period - Shot Misses the Net.
6:04 of 3rd period - Snap shot by Stefan Noesen.
6:04 of 3rd period - Stopped by Drew MacIntyre without a rebound.
6:05 of 3rd period - Evan Trupp wins face-off versus Wacey Hamilton in Checkers zone.
6:15 of 3rd period - Minor Penalty to FARM PLAYER1 for Tripping.
6:16 of 3rd period - Jim O'Brien wins face-off versus Colin Greening in Senators zone.
6:16 of 3rd period - Snap shot by Brandon Mashinter.
6:16 of 3rd period - Deflect By Jim O'Brien.
6:16 of 3rd period - Stopped by Jean-Francois Berube with a rebound.
6:48 of 3rd period - Wrist shot by Jim O'Brien.
6:48 of 3rd period - Shot Misses the Net.
7:06 of 3rd period - Griffin Reinhart is hit by Aaron Ness.
7:57 of 3rd period - Wrist shot by Jason Chimera.
7:57 of 3rd period - Stopped by Jean-Francois Berube with a rebound.
7:59 of 3rd period - Wrist shot by Adam Cracknell.
7:59 of 3rd period - Stopped by Jean-Francois Berube with a rebound.
8:01 of 3rd period - Slapshot by Jason Chimera.
8:01 of 3rd period - Stopped by Jean-Francois Berube without a rebound.
8:02 of 3rd period - Michael Bournival wins face-off versus Colin Greening in Senators zone.
8:03 of 3rd period - Wrist shot by Jason Chimera.
8:03 of 3rd period - Goal by Jason Chimera - Senators : 1 - Checkers : 2.
8:04 of 3rd period - Wacey Hamilton wins face-off versus Philip McRae in neutral zone.
8:59 of 3rd period - Willie Coetzee is hit by Kenny Ryan.
10:07 of 3rd period - Sean Backman is hit by Greg Nemisz and loses puck.
10:36 of 3rd period - Wrist shot by Michael Latta.
10:36 of 3rd period - Deflect By Tomas Vincour.
10:36 of 3rd period - Stopped by Jean-Francois Berube with a rebound.
10:47 of 3rd period - Michael Latta beats up Ryan Craig.
10:47 of 3rd period - Penalty to Michael Latta for Fighting.
10:47 of 3rd period - Penalty to Ryan Craig for Fighting.
10:48 of 3rd period - Evan Trupp wins face-off versus Michael Bournival in Senators zone.
10:55 of 3rd period - Andrew Gordon is hit by Kenny Ryan and loses puck.
12:26 of 3rd period - Slapshot by Jason Chimera.
12:26 of 3rd period - Shot Misses the Net.
12:38 of 3rd period - Snap shot by Tomas Vincour.
12:38 of 3rd period - Deflect By Greg Nemisz.
12:38 of 3rd period - Shot Blocked by Josh Leivo.
12:38 of 3rd period - Puck is out of play.
12:39 of 3rd period - Jason Chimera wins face-off versus Colin Greening in Senators zone.
14:17 of 3rd period - Jim O'Brien is hit by Jesse Blacker and loses puck.
14:47 of 3rd period - Slapshot by Peter Harrold.
14:47 of 3rd period - Deflect By Connor Brown.
14:47 of 3rd period - Stopped by Jean-Francois Berube without a rebound.
14:48 of 3rd period - Darcy Zajac wins face-off versus Michael Bournival in Senators zone.
15:11 of 3rd period - Wrist shot by Evan Trupp.
15:11 of 3rd period - Stopped by Drew MacIntyre with a rebound.
16:27 of 3rd period - Slapshot by Sean Backman.
16:27 of 3rd period - Stopped by Jean-Francois Berube with a rebound.
16:29 of 3rd period - Backhand shot by Peter Harrold.
16:29 of 3rd period - Deflect By Jim O'Brien.
16:29 of 3rd period - Stopped by Jean-Francois Berube without a rebound.
16:30 of 3rd period - Jim O'Brien wins face-off versus Evan Trupp in Senators zone.
16:31 of 3rd period - Slapshot by Peter Harrold.
16:31 of 3rd period - Stopped by Jean-Francois Berube with a rebound.
16:33 of 3rd period - Snap shot by Brandon Mashinter.
16:33 of 3rd period - Shot Misses the Net.
16:42 of 3rd period - Brandon Mashinter beats up Kenny Ryan.
16:42 of 3rd period - Penalty to Brandon Mashinter for Fighting.
16:42 of 3rd period - Penalty to Kenny Ryan for Fighting.
16:43 of 3rd period - Andrew Gordon wins face-off versus Philip McRae in Senators zone.
16:48 of 3rd period - Snap shot by Andrew Gordon.
16:48 of 3rd period - Stopped by Jean-Francois Berube without a rebound.
16:49 of 3rd period - Philip McRae wins face-off versus Michael Latta in Senators zone.
17:21 of 3rd period - Wrist shot by Andrew Gordon.
17:21 of 3rd period - Stopped by Jean-Francois Berube with a rebound.
17:52 of 3rd period - Minor Penalty to Stefan Noesen for Hooking.
17:53 of 3rd period - Michael Bournival wins face-off versus Colin Greening in Senators zone.
18:34 of 3rd period - Wrist shot by Jim O'Brien.
18:34 of 3rd period - Stopped by Jean-Francois Berube with a rebound.
18:36 of 3rd period - Backhand shot by Peter Harrold.
18:36 of 3rd period - Shot Misses the Net.
18:38 of 3rd period - Backhand shot by Petteri Lindbohm.
18:38 of 3rd period - Stopped by Jean-Francois Berube with a rebound.
18:40 of 3rd period - Slapshot by Peter Harrold.
18:40 of 3rd period - Shot Blocked by Jesse Blacker.
18:50 of 3rd period - Wrist shot by Jason Chimera.
18:50 of 3rd period - Stopped by Jean-Francois Berube with a rebound.
19:06 of 3rd period - Andrew Gordon is hit by Mike Brown and loses puck.
19:52 of 3rd period - Penalty to Stefan Noesen is over, Stefan Noesen is back on ice.
19:54 of 3rd period - Wrist shot by Adam Cracknell.
19:54 of 3rd period - Shot Misses the Net.
19:56 of 3rd period - Wrist shot by Peter Harrold.
19:56 of 3rd period - Shot Blocked by Eric Knodel.
Goals for this period are 0 for Senators vs 2 for Checkers.
Shots for this period are 4 for Senators vs 25 for Checkers.